 Dungeon Sprint DCSS version 0.16-a0-4092-gb8933cd (webtiles) character file.

1000000 BluebellGnoll the Fanfare of Bloodshed (level 14, -5/106 HPs)
             Began as a Demonspawn Warper on Feb 24, 2015.
             Was a Believer of Makhleb.
             Slain by a bag of meat
             ... wielding a +9 war axe
              (16 damage)
             ... in the Dungeon (Sprint VIII: "Arena of Blood").
             The game lasted 00:01:22 (10 turns).

BluebellGnoll the Fanfare of Bloodshed (DsWr)         Turns: 10, Time: 00:01:22

Health: -5/106     AC:  7    Str: 12    XL:     14   Next: 27%
Magic:  5/37       EV: 28    Int: 14    God:    Makhleb [**....]
Gold:   0          SH:  0    Dex: 18    Spells: 1 memorised, 29 levels left

rFire  . . .     SeeInvis .     k - +∞ Axe of Woe
rCold  . . .     Clarity  .     b - +0 leather armour
rNeg   . . .     SustAb   .     (no shield)
rPois  +         Gourm    .     (no helmet)
rElec  .         Spirit   .     (no cloak)
rCorr  .         Warding  .     (no gloves)
rMut   .         NoTele   +     (no boots)
MR     +....                    (no amulet)
Stlth  +.........               (no ring)
                                (no ring)

@: somewhat resistant to hostile enchantments, very unstealthy
A: claws 1, slimy green scales 3, demonic guardian 2, rot immunity
a: Minor Destruction, Renounce Religion


You were in the Dungeon.
You worshipped Makhleb.
Makhleb was pleased with you.
You were not hungry.

You visited 1 branch

Inventory:

Hand weapons
 k - the +∞ Axe of Woe (weapon)
   (You found it in the Dungeon)
Missiles
 e - 5 tomahawks of dispersal (quivered)
Armour
 b - a +0 leather armour (worn)
Scrolls
 d - 2 scrolls of blinking
Potions
 f - a potion of curing
 g - a potion of heal wounds
 h - a potion of haste
 i - 2 potions of magic
 j - a potion of berserk rage
Books
 c - a book of Spatial Translocations

   Spells                             Type                      Level
   a - Apportation                    Translocation                1
   b - Blink                          Translocation                2
   c - Shroud of Golubria             Charms/Translocation         2
   d - Portal Projectile              Translocation                3
   e - Teleport Other                 Translocation                3
   f - Passage of Golubria            Translocation                4
Comestibles
 a - a bread ration


   Skills:
 + Level 8.5 Fighting
 + Level 3.4 Axes
 + Level 2.4 Throwing
 + Level 4.3 Armour
 * Level 20.9 Dodging
 + Level 7.6 Unarmed Combat
 + Level 8.7 Spellcasting
 + Level 14.3 Translocations
 O Level 27 Invocations


You had 29 spell levels left.
You knew the following spells:

 Your Spells              Type           Power        Failure   Level  Hunger
a - Apportation           Tloc           #####.....   1%          1    None


Dungeon Overview and Level Annotations

Branches:
Dungeon (1/1)

Altars:
Makhleb


Innate Abilities, Weirdness & Mutations

You have sharp fingernails.
You are completely covered in slimy green scales (AC +4, rPois).
A demonic guardian rushes to your aid.
You are immune to rotting.


Message History

Your Axes skill increases to level 2!
Your Throwing skill increases to level 2!
Your Armour skill increases to level 3!
Your Dodging skill increases to level 20!
Your Unarmed Combat skill gained 2 levels and is now at level 6!
Your Spellcasting skill gained 2 levels and is now at level 7!
Your Translocations skill gained 3 levels and is now at level 12!
You slash the bag of meat!
You pulverise the bag of meat into a thin bloody mist.
You kill the bag of meat!
Makhleb accepts your kill.
Your Fighting skill increases to level 8!
Your Axes skill increases to level 3!
Your Armour skill increases to level 4!
Your Unarmed Combat skill increases to level 7!
Your Spellcasting skill increases to level 8!
Your Translocations skill gained 2 levels and is now at level 14!
You have reached level 14!
You hear a shout! x10
The bag of meat hits you with a +9 war axe!
You die...

.... . ... .. #..
.# . #.. ..#
..###.. ..###.
........###.......
#........_........
......#.)o..#.....
... #_)@._# . .
#.....#
....._..o..
......###......
.###.. ..###. #..
..# #.. ..# ... ..


You could see 2 bags of meat.

Vanquished Creatures
  3 ogres (D)
  2 orcs (D)
5 creatures vanquished.

Vanquished Creatures (others)
  An ice devil (D)
1 creature vanquished.

Grand Total: 6 creatures vanquished

Notes
Turn   | Place    | Note
--------------------------------------------------------------
     0 | D        | BluebellGnoll, the Demonspawn Warper, began the quest for the Orb.
     0 | D        | Reached XP level 1. HP: 16/16 MP: 3/3
     3 | D        | Noticed a bag of meat
     4 | D        | Became a worshipper of Makhleb the Destroyer
     5 | D        | Noticed a bag of meat
     5 | D        | Noticed a meat berserker
     6 | D        | Noticed a meat berserker
     7 | D        | Noticed a meat berserker
     8 | D        | Killed a meat berserker
     8 | D        | Reached skill level 14 in Dodging
     8 | D        | Reached skill level 26 in Invocations
     8 | D        | Gained mutation: You are immune to rotting. [demonic ancestry]
     8 | D        | Reached XP level 2. HP: 22/22 MP: 4/18
     8 | D        | Gained mutation: You are partially covered in slimy green scales (AC +2). [demonic ancestry]
     8 | D        | Reached XP level 3. HP: 27/27 MP: 4/21
     8 | D        | Reached XP level 4. HP: 33/33 MP: 4/23
     8 | D        | Reached XP level 5. HP: 38/38 MP: 4/25
     8 | D        | Reached XP level 6. HP: 44/44 MP: 4/27
     8 | D        | Gained mutation: You have sharp fingernails. [demonic ancestry]
     8 | D        | Reached XP level 7. HP: 50/50 MP: 4/29
     8 | D        | Gained mutation: You are mostly covered in slimy green scales (AC +3). [demonic ancestry]
     8 | D        | Reached XP level 8. HP: 56/56 MP: 4/30
     8 | D        | Gained mutation: A weak demonic guardian rushes to your aid. [demonic ancestry]
     8 | D        | Reached XP level 9. HP: 61/61 MP: 4/32
     8 | D        | Reached XP level 10. HP: 67/67 MP: 4/33
     8 | D        | Reached XP level 11. HP: 72/72 MP: 4/34
     8 | D        | Killed a bag of meat
     8 | D        | Acquired Makhleb's first power
     8 | D        | Reached skill level 27 in Invocations
     8 | D        | Gained mutation: A demonic guardian rushes to your aid. [demonic ancestry]
     8 | D        | Reached XP level 12. HP: 78/78 MP: 4/35
     9 | D        | Noticed a bag of meat
     9 | D        | Noticed a bag of meat
     9 | D        | Noticed a bag of meat
     9 | D        | Killed a meat berserker
     9 | D        | Reached skill level 5 in Fighting
     9 | D        | Reached skill level 1 in Axes
     9 | D        | Reached skill level 1 in Throwing
     9 | D        | Reached skill level 5 in Spellcasting
     9 | D        | Gained mutation: You are completely covered in slimy green scales (AC +4, rPois). [demonic ancestry]
     9 | D        | Reached XP level 13. HP: 10/91 MP: 4/36
    10 | D        | Killed a meat berserker
    10 | D        | Acquired Makhleb's second power
    10 | D        | Killed a bag of meat
    10 | D        | Reached XP level 14. HP: 10/106 MP: 4/37
    10 | D        | Slain by a bag of meat

Action                   |  1- 3 |  4- 6 |  7- 9 | 10-12 | 13-15 || total
-------------------------+-------+-------+-------+-------+-------++-------
Melee: Executioner's axe |     1 |       |       |     1 |     1 ||     3
